 Dungeon Crawl Stone Soup version 0.20.1-1-g8b1a95d (webtiles) character file.

352 Kingsmith the Thaumaturge (level 6, -2/32 HPs)
             Began as a Deep Elf Ice Elementalist on Dec 10, 2017.
             Slain by an orc
             ... wielding a +0 flail
              (5 damage)
             ... on level 3 of the Dungeon.
             The game lasted 00:06:47 (2344 turns).

Kingsmith the Thaumaturge (DEIE)                    Turns: 2344, Time: 00:06:48

Health: -2/32      AC:  3    Str:  7    XL:     6   Next: 35%
Magic:  14/19      EV: 13    Int: 20    God:
Gold:   159        SH:  0    Dex: 15    Spells: 7/21 levels left

rFire    . . .     SeeInvis .   s - +2 trident (flame)
rCold    . . .     Gourm    .   (no shield)
rNeg     . . .     Faith    .   a - +0 robe
rPois    .         Spirit   .   (no helmet)
rElec    .         Reflect  .   (no cloak)
rCorr    .         Harm     .   (no gloves)
MR       .....                  i - +0 pair of boots
Stlth    ++........             (no amulet)
Regen    0.1/turn               (no ring)
MPRegen  0.2/turn               (no ring)

@: lethally poisoned (-2 -> -4)
A: no striking features
a: no special abilities


You were on level 3 of the Dungeon.
You were not hungry.

You visited 1 branch of the dungeon, and saw 3 of its levels.

You collected 159 gold pieces.

Inventory:

Hand Weapons
 s - a +2 trident of flaming (weapon)
Armour
 a - a +0 robe (worn)
 i - a +0 pair of boots (worn)
Scrolls
 e - 3 scrolls of identify {unknown}
 k - a scroll of fog {unknown}
 l - a scroll of teleportation {unknown}
 m - a scroll of magic mapping {unknown}
 n - 2 scrolls of remove curse {unknown}
 p - 2 scrolls of enchant weapon {unknown}
 t - a scroll of enchant armour {unknown}
 v - a scroll of fear {unknown}
Potions
 d - a potion of ambrosia {unknown}
 f - a potion of curing
 h - a potion of brilliance {unknown}
 j - a potion of cancellation {unknown}
 o - a potion of lignification {unknown}
 r - a potion of magic {unknown}
 u - a potion of heal wounds {unknown}
Books
 b - a book of Frost

   Spells                             Type                      Level
   a - Freeze                         Ice                          1
   b - Throw Frost                    Conjuration/Ice              2
   c - Ozocubu's Armour               Charms/Ice                   3
   d - Throw Icicle                   Conjuration/Ice              4
   e - Summon Ice Beast               Ice/Summoning                4
Comestibles
 c - 3 bread rations
 g - 2 royal jellies
 q - a meat ration


   Skills:
 - Level 2.4 Dodging
 - Level 2.4 Stealth
 - Level 8.0 Spellcasting
 - Level 1.1 Conjurations
 + Level 4.8 Ice Magic


You had 7 spell levels left.
You knew the following spells:

 Your Spells              Type           Power        Failure   Level  Hunger
a - Freeze                Ice            ####         1%          1    None
b - Throw Frost           Conj/Ice       ###...       3%          2    None
c - Ozocubu's Armour      Chrm/Ice       ###.....     10%         3    None
d - Throw Icicle          Conj/Ice       ###.....     24%         4    ###....
e - Summon Ice Beast      Ice/Summ       ###.....     30%         4    ###....


Dungeon Overview and Level Annotations

Branches:
Dungeon (3/15)

Altars:

Annotations:
D:2 Crazy Yiuf


Message History

* * * LOW HITPOINT WARNING * * *
You feel sick.
Casting: Freeze
Confirm with . or Enter, or press ? or * to list all spells.
Aiming: Freeze
Press: ? - help, Shift-Dir - straight line, f - orc
Aim: an orc, wielding a hand axe and wearing a leather armour (heavily wounded) Out of range.
That is beyond the maximum range. (Key replay ran out of keys)
Okay, then.
Casting: Freeze
Confirm with . or Enter, or press ? or * to list all spells.
Aiming: Freeze
Press: ? - help, Shift-Dir - straight line, f - orc
Aim: an orc, wielding a flail and wearing a leather armour You freeze the orc.
The orc is severely wounded.
The orc hits you with a flail.
You die...

#####
...#############...#############
#..)........#.oo@...'............
#...####.#.....##...#############
#........)).#..##...#
#....##.....#.o############ #..
#......#..##.o.......# #
#.....<...##.........#
#.....#...........)..#
#.##........o........+
#(....#.....o........#


You could see 2 orcs.

Vanquished Creatures
  Sigmund (D:2)
  Terence (D:2)
  An orc wizard (D:3)
  Robin (D:3)
  3 gnolls (D:2)
  4 adders (D:2)
  An ooze (D:3)
  3 worms
  A dart slug (D:2)
  2 orcs (D:3)
  A ball python (D:1)
  2 bats
  2 giant cockroaches (D:2)
  11 goblins
  11 hobgoblins
  A quokka (D:3)
  4 frilled lizards
  9 kobolds
  3 rats (D:1)
62 creatures vanquished.

Notes
Turn   | Place    | Note
-------+----------+-------------------------------------------
     0 | D:1      | Kingsmith the Deep Elf Ice Elementalist began the quest for the Orb.
     0 | D:1      | Reached XP level 1. HP: 10/10 MP: 6/6
   347 | D:1      | Reached XP level 2. HP: 15/15 MP: 4/8
   355 | D:1      | Learned a level 2 spell: Throw Frost
   384 | D:1      | Reached skill level 4 in Spellcasting
   811 | D:2      | Noticed Sigmund
   818 | D:2      | Killed Sigmund
   818 | D:2      | Reached skill level 7 in Spellcasting
   818 | D:2      | Reached XP level 3. HP: 3/19 MP: 4/13
   818 | D:2      | Reached XP level 4. HP: 4/24 MP: 4/15
   818 | D:2      | Reached XP level 5. HP: 5/28 MP: 4/16
  1086 | D:2      | Learned a level 3 spell: Ozocubu's Armour
  1091 | D:2      | Learned a level 4 spell: Throw Icicle
  1096 | D:2      | Learned a level 4 spell: Summon Ice Beast
  1345 | D:2      | Reached skill level 8 in Spellcasting
  1420 | D:2      | Noticed Terence
  1428 | D:2      | Killed Terence
  1428 | D:2      | Reached XP level 6. HP: 22/32 MP: 7/19
  1661 | D:2      | Found a runed door.
  1760 | D:2      | Noticed Crazy Yiuf
  1947 | D:3      | Noticed Robin
  1980 | D:3      | Killed Robin
  2344 | D:3      | Slain by an orc

Skill      XL: |  1  2  3  4  5 |
---------------+----------------+-----
Spellcasting   | 7 8 |  8.0
Ice Magic      | 4 |  4.8
Dodging        | |  2.4
Stealth        | |  2.4
Conjurations   | |  1.1

Action                   |  1- 3 |  4- 6 || total
-------------------------+-------+-------++-------
Melee: Unarmed           |     4 |     3 ||     7
       Spear             |       |    12 ||    12
       Trident           |       |    34 ||    34
 Cast: Freeze            |    20 |    75 ||    95
       Throw Frost       |       |     6 ||     6
       Ozocubu's Armour  |       |     3 ||     3
       Summon Ice Beast  |       |     1 ||     1
  Use: Potion            |       |     3 ||     3
 Stab: Sleeping          |       |     2 ||     2
  Eat: Chunk             |       |     4 ||     4
Armor: Robe              |     4 |    24 ||    28
Dodge: Dodged            |    14 |    64 ||    78
